 Dungeon Crawl Stone Soup version 0.25-a0-598-gc9c9e4cfe1 (webtiles) character file.

Game seed: 1641398438553464884, levelgen mode: classic

32281 EnegeticOcto the Cleaver (level 13, -9/127 HPs)
             Began as a Deep Dwarf Fighter on Mar 15, 2020.
             Was a High Priest of Makhleb.
             Mangled by a balrug
             ... wielding a +0 demon whip of draining
             ... summoned by Asterion
              (39 damage)
             ... on level 2 of the Spider Nest.
             The game lasted 00:10:23 (11398 turns).

EnegeticOcto the Cleaver (Deep Dwarf Fighter)      Turns: 11398, Time: 00:10:23

Health: -9/127     AC: 15    Str: 24    XL:     13   Next: 30%
Magic:  5/5        EV: 11    Int: 10    God:    Makhleb [*****.]
Gold:   269        SH:  0    Dex: 12    Spells: 12/12 levels left

rFire    x . .     SeeInvis +   G - +14 obsidian axe {vorpal, +Fly SInv *Curse} (curse)
rCold    . . .     Gourm    .   c - +1 kite shield
rNeg     + . .     Faith    .   h - +0 chain mail of Youthful Indiscretion {rPois rF- rN+ rCorr} (curse)
rPois    +         Spirit   .   A - +1 hat {MR+}
rElec    .         Reflect  .   (no cloak)
rCorr    +         Harm     .   b - +0 pair of gloves (curse)
MR       ++...                  y - +0 pair of boots
Stlth    ..........             (no amulet)
HPRegen  0.00/turn              C - +4 ring of evasion
MPRegen  0.09/turn              (no ring)

@: confused, lethally poisoned (-9 -> -9), liquid flames, mesmerised,
non-regenerating, glowing, lightly drained
A: damage resistance, heal wounds, sense surroundings 2, no regeneration
a: Heal Wounds, Minor Destruction, Lesser Servant of Makhleb, Major Destruction,
Greater Servant of Makhleb, Renounce Religion, Evoke Flight


You were on level 2 of the Spider Nest.
You worshipped Makhleb.
Makhleb was extremely pleased with you.
You were hungry.

You visited 5 branches of the dungeon, and saw 18 of its levels.
You also visited: Ice Cave.

You collected 1291 gold pieces.
You spent 1022 gold pieces at shops.

Inventory:

Hand Weapons
 a - the +4 broad axe of Gisitz {freeze, rF+ rC+ Dex+6}
   (You found it on level 11 of the Dungeon)

   It has been specially enchanted to freeze those struck by it, causing extra
   injury to most foes and up to half again as much damage against particularly
   susceptible opponents.
   It can also slow down cold-blooded creatures.
   It affects your dexterity (+6).
   It protects you from fire.
   It protects you from cold.
 u - a +0 hand axe of distortion
 G - the cursed +14 obsidian axe (weapon) {vorpal, +Fly SInv *Curse}
   (You acquired it on level 4 of the Dungeon)

   It inflicts extra damage upon your enemies.
   It lets you see invisible.
   It lets you fly.
   It curses itself when equipped.
   It has a curse placed upon it.
Armour
 b - a cursed +0 pair of gloves (worn)
 c - a +1 kite shield (worn)
 h - the cursed +0 chain mail of Youthful Indiscretion (worn) {rPois rF- rN+ rCorr}
   (You bought it in a shop on level 5 of the Dungeon)

   It makes you vulnerable to fire.
   It protects you from poison.
   It protects you from negative energy.
   It provides partial protection from all sources of acid and corrosion.
   It has a curse placed upon it.
 y - a +0 pair of boots (worn)
 A - a +1 hat of magic resistance (worn)
Jewellery
 C - a +4 ring of evasion (left hand)
 H - an uncursed ring of wizardry {unknown}
Wands
 d - a wand of iceblast (22)
 q - a wand of clouds (6)
 s - a wand of digging (10) {@v2}
 t - a wand of flame (7)
 v - a wand of paralysis (8)
 D - a wand of polymorph (10)
Scrolls
 f - 4 scrolls of teleportation {@r2}
 o - 2 scrolls of magic mapping {@r5}
 w - a scroll of enchant armour
 z - 3 scrolls of remove curse {@r6}
 B - 2 scrolls of identify {@r1}
 E - a scroll of enchant weapon
Potions
 g - 6 potions of curing {@q1}
 i - 4 potions of heal wounds {@q2}
 j - a potion of stabbing {@q5}
 k - a potion of might {@q3}
 l - 5 potions of ambrosia
 m - 2 potions of resistance {@q6}
 n - 2 potions of haste {@q4}
 p - a potion of magic {unknown}
 x - 2 potions of lignification {unknown}
Miscellaneous
 r - a phial of floods
Comestibles
 e - 28 rations


   Skills:
 * Level 11.4(11.1) Fighting
 * Level 13.0(12.7) Axes
 + Level 9.8(9.6) Armour
 + Level 9.9(9.6) Shields
 * Level 12.7(12.5) Invocations


You had 12 spell levels left.
You didn't know any spells.
Your spell library was empty.

Dungeon Overview and Level Annotations

Branches:
Dungeon (11/15)            Temple (1/1) D:6            Lair (2/6) D:8
 Shoals (0/4) Lair:2       Spider (2/4) Lair:2          Orc (2/2) D:10
    Elf (0/3) Orc:2         IceCv (visited)

Altars:
Ashenzari
Cheibriados
Dithmenos
Elyvilon
Fedhas
Gozag
Hepliaklqana
Kikubaaqudgha
Makhleb
Nemelex Xobeh
Okawaru
Qazlal
Ru
Sif Muna
Trog
Uskayaw
Vehumet
Wu Jian
Xom
Yredelemnul
Zin
The Shining One
Beogh

Shops:
D:4 ?   D:5 [   Orc:2 :([*

Annotations:
Spider:2 Asterion


Innate Abilities, Weirdness & Mutations

You are resistant to damage.
You can heal yourself by infusing magical energy.
You passively map the area around you.
You do not regenerate.


Message History

Asterion hits you but does no damage.
The jumping spider leaps!
The wolf spider completely misses you.
The wolf spider bites you but does no damage.
You block the balrug's attack.
The demonic crawler hits you but does no damage.
The demonic crawler hits you! You block the demonic crawler's attack.
Asterion closely misses you.
You feel much better.
Visions of slaying the redback flood into your mind.
The jumping spider leaps!
The redback bites you. The wolf spider barely misses you.
The wolf spider bites you but does no damage.
The balrug hits you with a +0 demon whip of draining!
You are engulfed in flames!!
The fire burns you terribly!
* * * LOW HITPOINT WARNING * * *
You partially resist.
You feel drained.
The demonic crawler hits you but does no damage.
You block the demonic crawler's attack.
The demonic crawler completely misses you.
The jumping spider closely misses you. x2; The redback misses you.
Asterion hits you but does no damage. The redback closely misses you.
A tarantella comes into view.
The wolf spider barely misses you. You block the wolf spider's attack.
You are too injured to fight recklessly!
You are too injured to fight recklessly!
You are too injured to fight recklessly!
You are too injured to fight recklessly!
You are too injured to fight recklessly!
You are too injured to fight recklessly!
You feel much better.
Visions of slaying the wolf spider flood into your mind.
The jumping spider pounces on you but does no damage.
You block the jumping spider's attack. You block the redback's attack.
Asterion barely misses you.
The redback bites you but does no damage.
The demonic crawler hits you. The demonic crawler barely misses you.
The demonic crawler closely misses you. The balrug gestures at you.
Makhleb smites you! The wolf spider hits you.
The wolf spider barely misses you.
You feel much better.
Visions of slaying the demonic crawler flood into your mind.
You block the jumping spider's attack. x2; The redback barely misses you.
The redback bites you!
The wolf spider hits you but does no damage.
The wolf spider bites you. You block Asterion's attack.
The demonic crawler hits you but does no damage.
The demonic crawler hits you.
The demonic crawler hits you but does no damage.
The balrug gestures at you. The sticky flame hits you!
The fire burns you terribly!
You are covered in liquid flames!
The jumping spider leaps!
The jumping spider pounces on you but does no damage.
The jumping spider barely misses you. The redback closely misses you. x2
The wolf spider barely misses you. The wolf spider closely misses you.
The demonic crawler hits you.
The demonic crawler hits you but does no damage. x2
Asterion hits you from afar with a +2 demon trident of venom!!
* * * LOW HITPOINT WARNING * * *
You are too injured to fight recklessly!
You are too injured to fight recklessly!
You are too injured to fight recklessly!
You are too injured to fight recklessly!
You are too injured to fight recklessly!
You are too injured to fight recklessly!
You are too injured to fight recklessly!
You are too injured to fight recklessly!
You are too injured to fight recklessly!
You feel much better.
Visions of slaying the balrug flood into your mind.
You are covered in liquid flames!
The balrug gestures at you.
The sticky flame hits you but does no damage.
You are covered in liquid flames!
The jumping spider leaps!
You block the redback's attack. The redback bites you.
The wolf spider hits you.
The wolf spider bites you but does no damage.
Asterion misses you. The demonic crawler hits you. x2
You block the demonic crawler's attack. The balrug gestures at you.
Makhleb smites you!
* * * LOW HITPOINT WARNING * * *
Your magical essence is drained by the effort!
You feel much better.
Visions of slaying the redback flood into your mind.
You are covered in liquid flames!
The redback bites you. You block the redback's attack.
The wolf spider closely misses you. The wolf spider bites you!
You block Asterion's attack.
The demonic crawler hits you but does no damage.
The demonic crawler hits you! The demonic crawler barely misses you.
The tarantella bites you!
* * * LOW HITPOINT WARNING * * *
You are confused.
The redback completely misses you.
The balrug hits you with a +0 demon whip of draining.
* * * LOW HITPOINT WARNING * * *
You are engulfed in flames!!!
The fire burns you terribly!
You die...

.... .##...# ,
..... ,,......#
* .....,
......# , *
....# ..#...? ,
#.^.# ....... ,
, ,
##....#s......
,, *
#.....Hs.ss...
, *
#.....2s......
* * * *
#....†@ss.....
*
###..sss......,
, , ,
#^#..s...%.. ,
*,,
####........
,,, , ###......
,,, ,,, **
#.#... , , ,
###.. , , , ,
,, ,,, * *#( ,,
, *


You could see Asterion, a balrug, a demonic crawler, a wolf spider, 2 orb
spiders, 2 jumping spiders, 3 tarantellas and 2 redbacks.

Vanquished Creatures
  Saint Roka (Orc:2)
  An orc warlord (Orc:1)
  2 centaur warriors (D:8)
  An ice dragon (D:11)
  A hydra (Lair:2)
  2 two-headed ogres (D:11)
  Urug (Orc:2)
  2 orc high priests
  2 orc knights (Orc:2)
  A wolf spider (Lair:2)
  5 orc sorcerers
  A cyclops (D:11)
  2 manticores (D:11)
  Psyche (D:8)
  A gargoyle (D:8)
  Maggie (D:8)
  3 spiny frogs
  A rime drake (D:11)
  An efreet (D:11)
  A demonic crawler (Spider:1)
  A polar bear (D:11)
  A troll (D:9)
  2 jumping spiders
  3 hornets
  5 hippogriffs
  A slime creature (D:8)
  Sigmund (D:4)
  A redback (Lair:2)
  A vampire (D:11)
  A tarantella (Spider:1)
  2 hungry ghosts (D:8)
  A warg (Orc:1)
  Edmund (D:5)
  2 porcupines (Lair:1)
  3 water moccasins
  A soldier ant (D:8)
  25 orc warriors
  4 sky beasts
  A black bear (Lair:2)
  4 ice beasts
  3 ogres
  2 phantoms
  5 centaurs
  2 crocodiles
  17 bullfrogs
  A big kobold (D:8)
  A gnoll sergeant (Orc:1)
  3 scorpions
  3 killer bees (D:10)
  An electric eel (Lair:2)
  A wight (D:8)
  7 howler monkeys
  5 crimson imps
  A bullfrog zombie (D:8)
  8 hounds
  2 jellies
  15 orc priests
  32 orc wizards
  2 bullfrog skeletons
  2 iguanas
  11 worker ants
  2 hound skeletons
  2 worker ant zombies
  6 adders
  3 gnolls (Orc:1)
  3 howler monkey skeletons
  7 white imps (IceCv)
  3 ufetubi (IceCv)
  2 oozes
  An adder skeleton (D:8)
  3 adder zombies
  4 worms
  3 dart slugs
  5 leopard geckos
  62 orcs
  8 bats
  6 giant cockroaches
  10 hobgoblins
  12 jackals
  9 kobolds
  6 quokkas
  A ball python (D:8)
  6 frilled lizards
  9 goblins
  A leopard gecko zombie (D:5)
  A quokka skeleton (D:4)
  8 rats
399 creatures vanquished.

Vanquished Creatures (collateral kills)
  Gastronok (Lair:2)
  A skeletal warrior (D:8)
  An orc knight (Orc:2)
  A spiny frog (Lair:2)
  3 orc warriors (Orc:2)
  An orc priest (Orc:2)
  2 orc wizards (Orc:2)
  3 orcs (Orc:2)
  3 fungi (Lair:2)
  3 plants (Lair:2)
19 creatures vanquished.

Vanquished Creatures (others)
  An unseen horror (D:11)
  A wolf spider (Spider:2)
  2 jumping spiders (Spider:2)
  A redback (Spider:2)
  A gnoll (Orc:1)
  A white imp (IceCv)
  An ufetubus (IceCv)
8 creatures vanquished.

Grand Total: 426 creatures vanquished

Notes
Turn   | Place    | Note
-------+----------+-------------------------------------------
     0 | D:1      | EnegeticOcto the Deep Dwarf Fighter began the quest for the
                  | Orb.
     0 | D:1      | Reached XP level 1. HP: 20/20 MP: 1/1
    57 | D:1      | Reached XP level 2. HP: 22/27 MP: 2/2
   309 | D:1      | Reached XP level 3. HP: 23/34 MP: 3/3
   405 | D:2      | Reached skill level 3 in Axes
   574 | D:2      | Found a faded altar of an unknown god.
   764 | D:2      | Reached XP level 4. HP: 24/42 MP: 4/4
  1356 | D:4      | Noticed Sigmund
  1369 | D:4      | Killed Sigmund
  1369 | D:4      | Reached skill level 4 in Axes
  1369 | D:4      | Reached XP level 5. HP: 47/50 MP: 4/4
  1369 | D:4      | Reached XP level 6. HP: 53/57 MP: 5/5
  1556 | D:4      | You fall into a shaft and drop 3 floors!
  1710 | D:7      | Reached skill level 5 in Axes
  1731 | D:6      | Noticed a sky beast
  1733 | D:6      | Reached XP level 7. HP: 61/66 MP: 6/6
  1762 | D:6      | Reached skill level 5 in Fighting
  1985 | D:5      | Entered Level 5 of the Dungeon
  1993 | D:5      | Reached skill level 5 in Armour
  2027 | D:5      | Noticed Edmund
  2059 | D:5      | Killed Edmund
  2059 | D:5      | Reached skill level 5 in Shields
  2115 | D:5      | Reached skill level 6 in Axes
  2155 | D:5      | Found Tiwikeeg's Antique Armour Shop.
  2181 | D:5      | Found a snail-covered altar of Cheibriados.
  2364 | D:5      | Reached XP level 8. HP: 71/76 MP: 6/6
  2853 | D:4      | Found Xoddif's Magic Scroll Emporium.
  3137 | D:4      | Reached skill level 7 in Axes
  3740 | D:6      | Found a staircase to the Ecumenical Temple.
  3749 | Temple   | Entered the Ecumenical Temple
  3853 | Temple   | Became a worshipper of Makhleb the Destroyer
  4319 | D:7      | Reached skill level 1 in Invocations
  4319 | D:7      | Gained mutation: You passively map the area around you.
                  | [Deep Dwarf growth]
  4319 | D:7      | Reached XP level 9. HP: 55/85 MP: 7/7
  5172 | D:8      | Reached skill level 8 in Axes
  5201 | D:8      | Found a staircase to the Lair.
  5463 | D:8      | Reached * piety under Makhleb
  5515 | D:8      | Found a blossoming altar of Fedhas.
  5543 | D:8      | Reached skill level 5 in Invocations
  5566 | D:8      | Noticed a gargoyle
  5574 | D:8      | Noticed a centaur warrior
  5576 | D:8      | Killed a gargoyle
  5576 | D:8      | Reached skill level 9 in Axes
  5578 | D:8      | Noticed a skeletal warrior
  5580 | D:8      | Noticed a centaur warrior
  5590 | D:8      | Killed a centaur warrior
  5590 | D:8      | Reached XP level 10. HP: 61/96 MP: 10/10
  5627 | D:8      | Noticed Maggie
  5641 | D:8      | Paralysed by a hornet for 3 turns
  5663 | D:8      | Killed Maggie
  5871 | D:8      | Killed a skeletal warrior
  5990 | D:8      | Noticed Psyche
  6000 | D:8      | Killed Psyche
  6494 | D:8      | Killed a centaur warrior
  6494 | D:8      | Reached skill level 10 in Axes
  6894 | D:9      | Reached ** piety under Makhleb
  7109 | D:9      | Reached XP level 11. HP: 106/106 MP: 12/12
  7417 | D:10     | Entered Level 10 of the Dungeon
  7427 | D:10     | Found a hazy altar of Hepliaklqana.
  7557 | D:10     | Found a staircase to the Orcish Mines.
  7840 | D:11     | Found a frozen archway.
  7844 | IceCv    | Entered an ice cave
  7973 | D:11     | Reached *** piety under Makhleb
  7997 | D:11     | Noticed a two-headed ogre
  8018 | D:11     | Noticed an ice dragon
  8019 | D:11     | Killed a two-headed ogre
  8039 | D:11     | Killed an ice dragon
  8100 | D:11     | Killed an unseen horror
  8100 | D:11     | Reached skill level 11 in Axes
  8122 | D:11     | Got the broad axe of Gisitz {freeze}
  8123 | D:11     | Identified the +4 broad axe of Gisitz {freeze, rF+ rC+
                  | Dex+6} (You found it on level 11 of the Dungeon)
  8211 | D:11     | Noticed a two-headed ogre
  8221 | D:11     | Killed a two-headed ogre
  8261 | D:11     | Reached skill level 10 in Invocations
  8742 | D:5      | Bought a jewelled chain mail for 294 gold pieces
  8752 | D:5      | Identified the cursed +0 chain mail of Youthful
                  | Indiscretion {rPois rF- rN+ rCorr} (You bought it in a shop
                  | on level 5 of the Dungeon)
  8835 | Lair:1   | Entered Level 1 of the Lair of Beasts
  8917 | Lair:1   | Reached skill level 10 in Fighting
  9050 | Orc:1    | Entered Level 1 of the Orcish Mines
  9054 | Orc:1    | Noticed an orc sorcerer
  9064 | Orc:1    | Reached XP level 12. HP: 64/116 MP: 8/8
  9071 | Orc:1    | Reached **** piety under Makhleb
  9230 | Orc:1    | Noticed an orc warlord
  9236 | Orc:1    | Paralysed by an orc sorcerer for 2 turns
  9252 | Orc:1    | Killed an orc warlord
  9255 | Orc:1    | Noticed an orc high priest
  9268 | Orc:1    | Killed an orc high priest
  9492 | Orc:2    | Entered Level 2 of the Orcish Mines
  9591 | Orc:2    | Reached skill level 12 in Axes
  9695 | Orc:2    | Found a staircase to the Elven Halls.
  9700 | Orc:2    | Noticed Urug
  9722 | Orc:2    | Killed Urug
  9819 | Orc:2    | Found a roughly hewn altar of Beogh.
  9820 | Orc:2    | Reached ***** piety under Makhleb
  9822 | Orc:2    | Noticed Saint Roka
  9826 | Orc:2    | Noticed an orc high priest
  9847 | Orc:2    | Killed an orc high priest
  9858 | Orc:2    | Killed Saint Roka
  9858 | Orc:2    | Reached XP level 13. HP: 127/127 MP: 6/8
  9880 | Orc:2    | Found Onkivito's Antique Armour Boutique.
  9884 | Orc:2    | Found Bufyogh's Book Boutique.
  9889 | Orc:2    | Found Sylual's Antique Weapon Boutique.
 10061 | Orc:2    | Found Etoiras's General Store.
 10456 | D:4      | Bought a scroll of acquirement for 728 gold pieces
 10457 | D:4      | Found the +14 obsidian axe {vorpal, +Fly SInv *Curse}
 10654 | Lair:2   | Noticed Gastronok
 10667 | Lair:2   | Killed Gastronok
 10846 | Lair:2   | Found a hole to the Spider Nest.
 10879 | Lair:2   | Found a staircase to the Shoals.
 11325 | Spider:1 | Entered Level 1 of the Spider Nest
 11382 | Spider:1 | Reached skill level 13 in Axes
 11385 | Spider:2 | Noticed Asterion
 11388 | Spider:2 | Noticed a balrug
 11398 | Spider:2 | Mangled by a balrug

Levels and vault maps discovered:
D:1:      dpeg_arrival_pits, layout_loops_ring
D:2:      layout_basic, chequers_ecumenical_altar_twisty
D:3:      layout_rooms
D:4:      layout_basic, first_ration, serial_shops, shop, uniq_sigmund
D:5:      layout_loops_ring, lemuel_doored_altar, serial_glass, glass_columns_c,
          glass_columns_b, glass_columns_a, glass_columns_c, glass_columns_c,
          glass_columns_b, glass_columns_a, glass_columns_a, glass_columns_b,
          glass_columns_b, serial_shops,
          nicolae_shop_temple_entry_statues_fountains,
          hangedman_abyss_or_decor_slice, roderic_serpentine_path, uniq_edmund
D:6:      layout_basic, minmay_temple_entry_drinking_statues, grunt_tough_drop
D:7:      layout_layer_cave
D:8:      minmay_the_grid_octo_2x2 [minmay_the_grid_octo_checkerflower,
          minmay_the_grid_octo_vomiting_pacman, minmay_the_grid_octo_toaster,
          minmay_the_grid_octo_prize_square_snowflake], layout_basic,
          hangedman_pestilent_swarm, uniq_psyche, uniq_maggie
D:9:      minmay_flawed_box, layout_loops_ring, serial_bayou_pond_e
D:10:     layout_rooms, orc_0_dummy, basic_altar
D:11:     minmay_coctagon, layout_long_grid, portal_ice_cave_entry_pillars_1,
          minmay_misc_feat_tiny
Temple:   kilobyte_greek_temple
Lair:1:   layout_loops_ring, special_room [special_room_bee],
          beast_lair_carwin_8, grunt_megastairs_1, serial_bayou_shore_a
Lair:2:   layout_loops_ring, elwin_shoals_entry_rocks,
          spider_nest_entry_funnel_web, chequers_serial_rivers_micro_a,
          grunt_forest_small_clearings, minivault_27, minivault_24,
          serial_bayou_shore_b, uniq_gastronok
Spider:1: layout_spider_delve
Spider:2: layout_spider_delve, uniq_asterion
Orc:1:    layout_caves
Orc:2:    grunt_orc_cross, layout_caves

Skill      XL: |  1  2  3  4  5  6  7  8  9 10 11 12 13 |
---------------+----------------------------------------+-----
Fighting       | 3 4 5 6 8 9 10 11 | 11.4
Axes           | 3 4 5 6 7 9 10 11 12 13 | 13.0
Armour         | 4 5 6 7 8 9 |  9.8
Shields        | 4 5 6 7 8 9 |  9.9
Invocations    | 1 6 8 10 12 | 12.7

Action                   |  1- 3 |  4- 6 |  7- 9 | 10-12 | 13-15 || total
-------------------------+-------+-------+-------+-------+-------++-------
Melee: War axe           |   118 |   136 |   534 |   342 |       ||  1130
       Broad axe         |       |       |       |   252 |    49 ||   301
Invok: Lesser Servant of |       |       |       |     3 |       ||     3
 Abil: Heal Wounds       |       |     6 |    15 |    47 |    11 ||    79
Evoke: Wand              |       |       |       |     3 |       ||     3
       Phial of floods   |       |       |       |     1 |       ||     1
  Use: Potion            |       |     1 |       |     6 |       ||     7
       Scroll            |       |       |    13 |     5 |     1 ||    19
  Eat: Chunk             |       |     3 |    20 |    17 |     4 ||    44
       Ration            |       |       |     1 |     1 |       ||     2
Armor: Scale mail        |    77 |    60 |   102 |       |       ||   239
       Plate armour      |       |       |   104 |   277 |       ||   381
       Chain mail        |       |       |       |    70 |    61 ||   131
Dodge: Dodged            |    47 |    53 |   107 |   202 |    49 ||   458
Block: Kite shield       |    52 |    92 |   272 |   467 |    65 ||   948

Table legend:
 A = Non-vault XP
 B = Vault XP
 C = Vault XP percentage of total XP
 D = Non-vault monster count
 E = Vault monster count
 F = Vault count percentage of total count
                 A         B        C        D         E       F
            +---------+---------+-------+---------+---------+-------
      Total |   23983 |   22134 |  48.0 |     318 |      97 |  23.4
            +---------+---------+-------+---------+---------+-------
        D:1 |      44 |       0 |   0.0 |      25 |       0 |   0.0
        D:2 |      56 |       0 |   0.0 |      20 |       0 |   0.0
        D:3 |      91 |       0 |   0.0 |      20 |       0 |   0.0
        D:4 |     460 |     227 |  33.0 |      26 |       1 |   3.7
        D:5 |     517 |     158 |  23.4 |      18 |       1 |   5.3
        D:6 |     915 |     186 |  16.9 |      23 |       2 |   8.0
        D:7 |     699 |       0 |   0.0 |      10 |       0 |   0.0
        D:8 |    1794 |    5131 |  74.1 |      31 |      24 |  43.6
        D:9 |     997 |     275 |  21.6 |      12 |       7 |  36.8
       D:10 |     737 |       0 |   0.0 |       9 |       0 |   0.0
       D:11 |    5584 |    1892 |  25.3 |      31 |       5 |  13.9
     Lair:1 |     705 |     783 |  52.6 |       3 |       4 |  57.1
     Lair:2 |    2409 |    3209 |  57.1 |      11 |       4 |  26.7
   Spider:1 |     847 |       0 |   0.0 |       3 |       0 |   0.0
   Spider:2 |     426 |       0 |   0.0 |       2 |       0 |   0.0
      Orc:1 |    5107 |       0 |   0.0 |      37 |       0 |   0.0
      Orc:2 |    2595 |   10179 |  79.7 |      37 |      39 |  51.3
      IceCv |       0 |      94 | 100.0 |       0 |      10 | 100.0
            +---------+---------+-------+---------+---------+-------
